 Dungeon Crawl Stone Soup version 0.28.0-47-ge53b351184 (webtiles) character file.

Game seed: 16944609511948188021

19 tizbic2 the Grave Robber (level 2, -3/20 HPs)
             Began as a Demigod Necromancer on May 7, 2022.
             Slain by an adder (4 damage)
             ... on level 2 of the Dungeon.
             The game lasted 00:05:02 (1843 turns).

tizbic2 the Grave Robber (Demigod Necromancer)      Turns: 1843, Time: 00:05:03

Health: -3/20      AC:  2    Str:  9    XL:     2   Next: 39%
Magic:  2/7        EV: 12    Int: 17    God:
Gold:   69         SH:  0    Dex: 14    Spells: 4/5 levels left

rFire   . . .      SeeInvis .   g - +0 dagger
rCold   . . .      Faith    .   (no shield)
rNeg    . . .      Spirit   .   a - +0 robe
rPois   .          Reflect  .   (no helmet)
rElec   .          Harm     .   (no cloak)
rCorr   .          Rampage  .   (no gloves)
Will    .....                   (no boots)
Stlth   ++........              (no amulet)
HPRegen 0.06/turn               (no ring)
MPRegen 0.10/turn               (no ring)

@: no status effects
A: high MP 1, forlorn, divine attributes
a: no special abilities


You were on level 2 of the Dungeon.
You visited 1 branch of the dungeon, and saw 2 of its levels.

You collected 69 gold pieces.

Inventory:

Hand Weapons
 g - a +0 dagger (weapon)
Missiles
 b - 27 sling bullets
 c - 39 stones (quivered)
 d - 15 arrows
Armour
 a - a +0 robe (worn)
Scrolls
 e - a scroll of torment {unknown}
Potions
 f - a potion of curing {unknown}


   Skills:
 * Level 1.1 Armour
 - Level 1.7 Dodging
 - Level 1.7 Stealth
 + Level 2.0 Spellcasting
 * Level 3.9 Necromancy


You had 4 spell levels left.
You knew the following spells:

 Your Spells              Type           Power      Damage    Failure   Level
a - Pain                  Necr           60%        1d7       3%          1

Your spell library contained the following spells:

 Spells                   Type           Power      Damage    Failure   Level
 Animate Skeleton         Necr           30%        N/A       3%          1
 Sublimation of Blood     Necr           15%        N/A       6%          2
 Vampiric Draining        Necr           15%        2d7       12%         3
 Ensorcelled Hibernation  Hex/Ice        2%         N/A       28%         2
 Wereblood                Tmut           1%         N/A       28%         2
 Animate Dead             Necr           7%         N/A       36%         4
 Spider Form              Tmut/Pois      1%         N/A       50%         3
 Anguish                  Hex/Necr       4%         N/A       65%         4
 Agony                    Necr           15%        N/A       71%         5
 Summon Hydra             Summ           0%         N/A       100%        7


Dungeon Overview and Level Annotations

Branches:
Dungeon (2/15)


Innate Abilities, Weirdness & Mutations

You have an increased reservoir of magic. (+10% MP)
You shall have no god before yourself.
Your divine heritage dramatically boosts your attributes as you level up.


Message History

Casting: Pain (safe; 3% risk of failure)
Confirm with . or Enter, or press ? or * to list all spells.
Aiming: Pain (safe; 3% risk of failure)
Press: ? - help, Shift-Dir - straight line, f - adder
Aim: an adder (chance to affect: 79%)
The adder barely resists.
The adder closely misses you.
The kobold hits you with a +0 short sword.
Casting: Pain (safe; 3% risk of failure)
Confirm with . or Enter, or press ? or * to list all spells.
Aiming: Pain (safe; 3% risk of failure)
Press: ? - help, Shift-Dir - straight line, f/p - adder
Aim: an adder (chance to affect: 79%)
The adder barely resists.
The adder bites you.
The kobold hits you with a +0 short sword.
* * * LOW HITPOINT WARNING * * *
The adder bites you.
* * * LOW HITPOINT WARNING * * *
Casting: Pain (safe; 3% risk of failure)
Confirm with . or Enter, or press ? or * to list all spells.
Aiming: Pain (safe; 3% risk of failure)
Press: ? - help, Shift-Dir - straight line, f/p - adder
Aim: an adder (chance to affect: 79%)
The adder barely resists.
The kobold hits you with a +0 short sword.
* * * LOW HITPOINT WARNING * * *
The adder barely misses you.
Casting: Pain (safe; 3% risk of failure)
Confirm with . or Enter, or press ? or * to list all spells.
Aiming: Pain (safe; 3% risk of failure)
Press: ? - help, Shift-Dir - straight line, f/p - adder
Aim: an adder (chance to affect: 79%)
The adder writhes in agony.
The adder completely misses you. The kobold hits you but does no damage.
Casting: Pain (safe; 3% risk of failure)
Confirm with . or Enter, or press ? or * to list all spells.
Aiming: Pain (safe; 3% risk of failure)
Press: ? - help, Shift-Dir - straight line, f/p - adder
Aim: an adder (lightly wounded, chance to affect: 79%)
The adder writhes in agony.
The adder bites you.
You die...

##### #@K.#
#....S..#
#.#.......#
#.......#
#.........
###########


You could see an adder and a kobold.

Vanquished Creatures
  A dart slug (D:1)
  2 endoplasms (D:1)
  4 goblins (D:1)
  A hobgoblin (D:1)
  3 kobolds (D:1)
  2 quokkas (D:1)
  A frilled lizard (D:1)
  A rat (D:1)
15 creatures vanquished.

Notes
Turn   | Place    | Note
-------+----------+-------------------------------------------
     0 | D:1      | tizbic2 the Demigod Necromancer began the quest for the
                  | Orb.
     0 | D:1      | Reached XP level 1. HP: 14/14 MP: 5/5
   902 | D:1      | Reached XP level 2. HP: 18/20 MP: 5/7
  1016 | D:1      | Reached skill level 1 in Armour
  1841 | D:2      | HP: 1/20 [kobold/+0 short sword (1)]
  1843 | D:2      | Slain by an adder

Illustrated notes

Levels and vault maps discovered:
D:1:      lightli_arrival_quake, layout_basic,
          dreamdust_ecumenical_altar_hidden_monk_grotto,
          roderic_serpentine_path, corexii_corridor_pit
D:2:      layout_basic

Skill      XL: |  1  2 |
---------------+-------+-----
Armour         | 1 |  1.1
Spellcasting   | 2 |  2.0
Dodging        | |  1.7
Stealth        | |  1.7
Necromancy     | |  3.9

Action                   || total
-------------------------++-------
Melee: Unarmed           ||     8
       Short sword       ||     6
       Punch             ||     1
       Dagger            ||     9
Throw: Stone             ||    38
 Cast: Pain              ||    27
Armor: Robe              ||     4
Dodge: Dodged            ||    20
